 Dungeon Sprint DCSS version 0.20.1-1-g8b1a95d (webtiles) character file.

1207 wojtek the Basher (level 8, 0/80 (82) HPs)
             Began as a Minotaur Fighter on Jan 1, 2018.
             Slain by a manticore (8 damage)
             ... summoned by Kirke
             ... in the Dungeon (Sprint II: "The Violet Keep of Menkaure").
             The game lasted 00:04:20 (517 turns).

wojtek the Basher (Minotaur Fighter)                 Turns: 517, Time: 00:04:20

HP:   0/80 (82)     AC:  9    Str: 23    XL:     8   Next: 21%
MP:   7/7           EV:  7    Int:  5    God:
Gold: 272           SH:  9    Dex: 10    Spells: 7/7 levels left

rFire    + . .     SeeInvis .   a - +0 flail
rCold    + . .     Gourm    .   c - +0 shield
rNeg     . . .     Faith    .   b - +0 scale mail
rPois    .         Spirit   .   (helmet restricted)
rElec    .         Reflect  .   (no cloak)
rCorr    .         Harm     .   (no gloves)
MR       .....     NoTele   +   (no boots)
Stlth    ..........             (no amulet)
Regen    0.3/turn               m - ring of protection from fire
MPRegen  0.1/turn               n - ring of protection from cold

@: slowed, very slow
A: retaliatory headbutt, horns 2
a: no special abilities


You were in the Dungeon.
You were not hungry.

You visited 1 branch You collected 972 gold pieces.
You spent 700 gold pieces at shops.

Inventory:

Hand Weapons
 a - a +0 flail (weapon)
Armour
 b - a +0 scale mail (worn)
 c - a +0 shield (worn)
Jewellery
 m - a ring of protection from fire (left hand)
 n - a ring of protection from cold (right hand)
Scrolls
 k - a scroll of blinking
Potions
 d - a potion of might
 e - a potion of curing
 g - a potion of heal wounds
 h - a potion of haste
 i - 2 potions of magic
 j - a potion of berserk rage
Comestibles
 f - a bread ration
 l - 4 chunks of flesh


   Skills:
 + Level 11.2 Fighting
 * Level 14.8 Maces & Flails
 + Level 11.4 Armour
 - Level 3.6 Shields


You had 7 spell levels left.
You didn't know any spells.

Dungeon Overview and Level Annotations

Branches:
Dungeon (1/1)

Altars:

Shops:
D :!?=!}%*%:[:[!=(

Annotations:
D exclusion: oklob plant, Kirke


Innate Abilities, Weirdness & Mutations

You reflexively headbutt those who attack you in melee.
You have a pair of horns on your head.


Message History

Kirke is lightly wounded.
You block the skeletal warrior's attack.
You thump Kirke! You headbutt Kirke.
Kirke is moderately wounded.
You block the manticore's attack. x2; The manticore closely misses you.
Kirke gestures at you while chanting.
You feel yourself slow down.
The skeletal warrior hits you from afar with a trident.
You sock Kirke!
Kirke is moderately wounded.
You block the manticore's attack.
The manticore claws you but does no damage.
The manticore claws you. Kirke closely misses you.
You block the skeletal warrior's attack.
You hit Kirke. Your headbutt misses Kirke.
Kirke is heavily wounded.
The manticore bites you!!
* * * LOW HITPOINT WARNING * * *
The manticore claws you!
You die...

c@.≈##.§§§§§§##
##########@≈#+++#+++##
#########≈≈≈.........#
....∩.∩.#≈≈≈≈.##+##..#
...∩.∩..#≈≈≈≈##.#.##.#
..∩.∩...#≈≈≈≈#..#..# ..
.⌠.∩....#≈≈####cz.####.
..∩.∩...#≈##.###@###.##
...∩.∩..#≈##..##@##...#
....∩.∩.'≈'.##'.H.')#.+
.....∩.∩#≈##..##.##...#
▓▓▓▓▓▓###≈##.###'###.##
(lF######≈≈####.#.####
$)F#D ##≈≈≈#.###.#
∩P)+( +#≈##.#.## (.= ?
≈≈##+## [$. ≈≈


You could see Kirke, a skeletal warrior, a centaur warrior and a manticore.

Vanquished Creatures
  A merfolk siren (D)
  2 hippogriffs (D)
  4 necrophages (D)
  2 crocodiles (D)
  4 worker ants (D)
13 creatures vanquished.

Vanquished Creatures (others)
  A kobold demonologist (D)
  Menkaure (D)
2 creatures vanquished.

Grand Total: 15 creatures vanquished

Notes
Turn   | Place    | Note
-------+----------+-------------------------------------------
     0 | D        | wojtek the Minotaur Fighter began the quest for the Orb.
     0 | D        | Reached XP level 1. HP: 19/19 MP: 0/0
     1 | D        | Noticed a necrophage
     1 | D        | Noticed a necrophage
     1 | D        | Noticed a necrophage
     1 | D        | Noticed a necrophage
     6 | D        | Killed a necrophage
     6 | D        | Reached skill level 7 in Maces & Flails
     6 | D        | Reached XP level 2. HP: 30/30 MP: 1/1
     6 | D        | Reached XP level 3. HP: 37/37 MP: 2/2
     6 | D        | Reached XP level 4. HP: 44/44 MP: 3/3
    21 | D        | Killed a necrophage
    21 | D        | Reached skill level 9 in Maces & Flails
    21 | D        | Reached XP level 5. HP: 46/51 MP: 4/4
    33 | D        | Killed a necrophage
    33 | D        | Reached skill level 10 in Maces & Flails
    36 | D        | Killed a necrophage
    36 | D        | Reached skill level 11 in Maces & Flails
    36 | D        | Reached XP level 6. HP: 42/60 MP: 5/5
    86 | D        | Killed Menkaure
   130 | D        | Noticed a merfolk siren
   146 | D        | Killed a merfolk siren
   146 | D        | Reached skill level 10 in Fighting
   146 | D        | Reached skill level 13 in Maces & Flails
   146 | D        | Reached skill level 10 in Armour
   146 | D        | Reached XP level 7. HP: 68/70 MP: 6/6
   211 | D        | Noticed a hippogriff
   211 | D        | Noticed a hippogriff
   219 | D        | Killed a hippogriff
   225 | D        | Killed a hippogriff
   225 | D        | Reached skill level 14 in Maces & Flails
   225 | D        | Reached XP level 8. HP: 56/79 MP: 7/7
   345 | D        | Found Suyxzist's Antique Weapon Shop.
   345 | D        | Found Ysaat's Antique Armour Boutique.
   345 | D        | Found Paug's Book Shop.
   345 | D        | Found Yrezudwe's Food Boutique.
   345 | D        | Found Zepad's Assorted Antiques.
   345 | D        | Found Soadakhe's Antique Armour Shop.
   345 | D        | Found Hyusopt's Food Boutique.
   346 | D        | Found Xivueqy's Gadget Boutique.
   346 | D        | Found Zynt's Distillery.
   346 | D        | Found Lulepic's Jewellery Boutique.
   346 | D        | Found Dies's Distillery.
   347 | D        | Found Parravut's Magic Scroll Shop.
   347 | D        | Found Kozoergh's Distillery.
   348 | D        | Found Yplawk's Jewellery Boutique.
   348 | D        | Found Enawecva's Book Shop.
   348 | D        | Noticed a spiny frog
   349 | D        | Noticed a spiny frog
   349 | D        | Noticed an oklob plant
   378 | D        | Found Yliara's Book Shoppe.
   387 | D        | Noticed an ice dragon
   409 | D        | Bought an uncursed ring of protection from fire for 350 gold pieces
   409 | D        | Bought an uncursed ring of protection from cold for 350 gold pieces
   424 | D        | Noticed an ice statue
   493 | D        | Noticed a centaur warrior
   493 | D        | Noticed Kirke
   493 | D        | Noticed a kobold demonologist
   494 | D        | Noticed a skeletal warrior
   508 | D        | Killed a kobold demonologist
   514 | D        | Noticed a manticore
   517 | D        | Slain by a manticore

Skill      XL: |  1  2  3  4  5  6  7  8 |
---------------+-------------------------+-----
Fighting       | 6 7 8 10 11 | 11.2
Maces & Flails | 7 9 11 13 14 | 14.8
Armour         | 6 7 9 10 11 | 11.4
Shields        | |  3.6

Action                   |  1- 3 |  4- 6 |  7- 9 || total
-------------------------+-------+-------+-------++-------
Melee: Flail             |     4 |    45 |    39 ||    88
       Headbutt          |     2 |     8 |    10 ||    20
Armor: Scale mail        |       |    10 |    15 ||    25
Dodge: Dodged            |     1 |     6 |     8 ||    15
Block: Shield            |     2 |    12 |    15 ||    29
